AoeStats
← Echidna

Arena

509086965Analyzed
1v1 RM · 7d ago on Sep 25, 2026· 48m 28s· 2 players
Game mode
Random Map
Map size
Tiny (2 player)
Population
200
Speed
Normal
Resources
Standard
Victory
Conquest
Starting age
Dark Age
Ending age
Imperial Age
RankedLock teamsTeams togetherTeam positionsShared explorationLock speedFull tech treeHidden civsTurbo modeCheats
Victory
Defeat
🇦🇺 Danes · Australia
613
+16
🇩🇪 Armenians · Germany
613
-16
Echidna
9:46 Feudal Age
8:52 Loom
11:22 Wheelbarrow
14:41 Town Watch
18:55 Castle Age
17:30 Arson
18:30 Double-Bit Axe
18:27 Horse Collar
21:31 Fletching
22:18 Gold Mining
22:19 Stone Mining
22:58 Bow Saw
22:51 Heavy Plow
25:43 Squires
26:47 Hand Cart
26:29 Guard Tower
28:01 Gold Shaft Mining
28:12 Stone Shaft Mining
29:44 Masonry
29:30 Murder Holes
30:52 Bodkin Arrow
31:59 Forging
31:49 Scale Mail Armor
33:17 Hamask
40:15 Imperial Age
37:46 Town Patrol
39:57 Ballistics
42:56 Iron Casting
42:37 Chain Mail Armor
42:23 Bracer
42:32 Siege Engineers
43:03 Keep
43:29 Chemistry
42:15 Arrowslits
43:42 Hoardings
45:13 Onager
45:58 Elite Varangian Guard
Solinero
8:30 Loom
10:27 Feudal Age
13:01 Double-Bit Axe
13:17 Man-at-Arms
14:22 Scale Mail Armor
14:33 Forging
16:29 Stone Mining
16:26 Long Swordsman
17:50 Arson
17:56 Arson
17:32 Long Swordsman
18:26 Town Watch
25:39 Castle Age
24:20 Wheelbarrow
26:41 Chain Mail Armor
25:53 Two-Handed Swordsman
26:37 Squires
28:50 Iron Casting
28:53 Gold Mining
29:54 Fletching
31:25 Atonement
33:49 Sanctity
32:59 Champion
37:36 Bodkin Arrow
39:05 Redemption
39:32 Scale Barding Armor
42:30 Gold Shaft Mining
42:10 Bow Saw
Connection lost

Rejoining the realm…

Still unreachable

The connection could not be restored.

Session expired

The server has moved on; the page needs a fresh start.